 Dungeon Crawl Stone Soup version 0.28.0 (webtiles) character file.

Game seed: 13927843802378876550

58 zeram the Ducker (level 4, -6/31 HPs)
             Began as an Octopode Fighter on Feb 5, 2022.
             Mangled by an ice beast (9 damage)
             ... on level 2 of the Dungeon.
             The game lasted 00:01:25 (1288 turns).

zeram the Ducker (Octopode Fighter)                 Turns: 1288, Time: 00:01:27

Health: -6/31      AC:  1    Str: 15    XL:     4   Next: 1%
Magic:  4/4        EV: 13    Int: 12    God:
Gold:   47         SH:  4    Dex: 11    Spells: 3/3 levels left

rFire   . . .      SeeInvis .   a - +0 rapier
rCold   . . .      Faith    .   b - +0 buckler
rNeg    . . .      Spirit   .   (helmet restricted)
rPois   .          Reflect  .   (no amulet)
rElec   .          Harm     .   (no ring)
rCorr   .          Rampage  .   (no ring)
Will    .....                   (no ring)
Stlth   ++........              (no ring)
HPRegen 0.10/turn               (no ring)
MPRegen 0.09/turn               (no ring)
                                (no ring)
                                (no ring)

@: no status effects
A: almost no armour, amphibious, 8 rings, camouflage 1, gelatinous body 1,
(nimble swimmer 1), tentacles
a: no special abilities


You were on level 2 of the Dungeon.
You visited 1 branch of the dungeon, and saw 3 of its levels.

You collected 47 gold pieces.

Inventory:

Hand Weapons
 a - a +0 rapier (weapon)
Armour
 b - a +0 buckler (worn)
Jewellery
 g - a ring of fire
 h - a +4 ring of protection
Potions
 c - a potion of might
 d - a potion of mutation {unknown}
 e - 2 potions of lignification {unknown}
 f - a potion of heal wounds {unknown}
 i - a potion of curing {unknown}


   Skills:
 - Level 3.0 Fighting
 + Level 2.5 Short Blades
 + Level 4.1 Dodging
 + Level 1.0 Stealth
 + Level 3.2 Shields


You had 3 spell levels left.
You didn't know any spells.
Your spell library was empty.

Dungeon Overview and Level Annotations

Branches:
Dungeon (3/15)

Altars:
Gozag
Beogh

Annotations:
D:3 3 runed translucent doors, Sigmund


Innate Abilities, Weirdness & Mutations

You cannot wear most types of armour.
You are amphibious.
You can wear up to eight rings at the same time.
Your skin changes colour to match your surroundings (Stealth+).
Your rubbery body absorbs attacks. (AC +1, EV +1)
((You are camouflaged when in or above water. (Stealth+)))
You have tentacles for arms and can constrict up to eight enemies at once.


Message History

Sigmund the Dreaded comes into view.
He is wielding a +1 vampiric scythe.
Found 12 gold pieces.
Found an opulent altar of Gozag.
You closely miss the ice beast.
You squeeze the ice beast, but do no damage.
The ice beast hits you. The ice beast freezes you!
You are too injured to fight recklessly!
You hit the ice beast.
The ice beast is lightly wounded.
Sigmund shouts!
The ice beast misses you.
You barely miss the ice beast.
The ice beast is lightly wounded.
The ice beast barely misses you.
Sigmund gestures wildly while chanting.
Sigmund flickers and vanishes!
Deactivating autopickup; reactivate with Ctrl-A.
You hit the ice beast. You squeeze the ice beast.
The ice beast is heavily wounded.
The ice beast closely misses you.
A quokka comes into view.
You block the ice beast's attack.
Found 78 gold pieces.
There is a stone staircase leading up here.
You climb upwards.
Reactivating autopickup.
There is a stone staircase leading down here.
You barely miss the ice beast.
The ice beast is moderately wounded.
The ice beast hits you. The ice beast freezes you!
* * * LOW HITPOINT WARNING * * *
You barely miss the ice beast.
The ice beast is moderately wounded.
The ice beast misses you.
You barely miss the ice beast.
The ice beast is moderately wounded.
The ice beast hits you but does no damage.
The ice beast hits you.
* * * LOW HITPOINT WARNING * * *
The ice beast freezes you!
You die...

#.....# ######
#.....# ##....#
#....# #####
#..#.####
#...######
##.#....#
#.#.#....##
#......#
#.#.#.#<...
##.Y...#
#.#.#.##... #.@...#
#.#.#......
##....###.#.####...
#........#.####.##
#....#####........
#....# #........
#....# #........
#....#####........
#.#.#.)...........
#.#.#.............


You could see an ice beast.

Vanquished Creatures
  3 adders
  4 dart slugs
  An orc (D:2)
  An endoplasm (D:3)
  A giant cockroach (D:2)
  3 goblins
  2 hobgoblins
  A kobold (D:1)
  2 ball pythons (D:2)
  3 bats
  A frilled lizard (D:1)
22 creatures vanquished.

Notes
Turn   | Place    | Note
-------+----------+-------------------------------------------
     0 | D:1      | zeram the Octopode Fighter began the quest for the Orb.
     0 | D:1      | Reached XP level 1. HP: 16/16 MP: 1/1
   186 | D:1      | Reached XP level 2. HP: 21/21 MP: 2/2
   278 | D:1      | You fall into a shaft and drop 1 floor!
   420 | D:2      | Reached XP level 3. HP: 19/26 MP: 3/3
   507 | D:2      | Reached skill level 4 in Dodging
   758 | D:2      | Found a faded altar of an unknown god.
  1120 | D:3      | Found a runed translucent gate.
  1120 | D:3      | Found a runed translucent gate.
  1129 | D:3      | Reached skill level 1 in Stealth
  1129 | D:3      | Reached XP level 4. HP: 17/31 MP: 4/4
  1262 | D:3      | Noticed an ice beast
  1266 | D:3      | Found an opulent altar of Gozag.
  1266 | D:3      | Found a runed translucent gate.
  1266 | D:3      | Noticed Sigmund
  1288 | D:2      | Mangled by an ice beast

Illustrated notes

Levels and vault maps discovered:
D:1:      dpeg_arrival_round_b, layout_basic, serial_curves, eino_curves_04,
          eino_curves_02, chequers_serial_rivers_micro_b, grunt_decor_cap,
          minmay_misc_feat_more_columns, minmay_bisected
D:2:      layout_basic, hellmonk_ecumenical_altar_defaced_shrine
D:3:      layout_loops_ring, mainiacjoe_overflow_six_doors_small, serial_rivers,
          chequers_serial_rivers_micro_e, chequers_serial_rivers_large_b,
          chequers_serial_rivers_small_b, chequers_serial_rivers_micro_b,
          chequers_serial_rivers_micro_b, ebering_ghost_gozag, hex_large,
          uniq_sigmund

Skill      XL: |  1  2  3 |
---------------+----------+-----
Dodging        | 4 |  4.1
Stealth        | 1 |  1.0
Fighting       | |  3.0
Short Blades   | |  2.5
Shields        | |  3.2

Action                   |  1- 3 |  4- 6 || total
-------------------------+-------+-------++-------
Melee: Rapier            |    50 |     7 ||    57
       Constrict         |    11 |       ||    11
       Tentacles         |     8 |     2 ||    10
       Punch             |     1 |       ||     1
 Stab: Sleeping          |     4 |       ||     4
Armor: Skin              |     7 |     1 ||     8
Dodge: Dodged            |    27 |     4 ||    31
Block: Buckler           |    10 |     1 ||    11
